AoeStats
← Homer554

Arena

510351345Analyzed
1v1 RM · 15h ago on Sep 30, 2026· 87m 18s· 2 players
Game mode
Random Map
Map size
Tiny (2 player)
Population
200
Speed
Normal
Resources
Standard
Victory
Conquest
Starting age
Dark Age
Ending age
Imperial Age
RankedLock teamsTeams togetherTeam positionsShared explorationLock speedFull tech treeHidden civsTurbo modeCheats
Victory
Defeat
🇦🇷 Slavs · Argentina
908
+15
🇷🇺 Mongols · Russia
880
-15
Homer554
10:43 Feudal Age
14:35 Castle Age
12:30 Horse Collar
12:52 Double-Bit Axe
15:51 Heavy Plow
16:03 Bow Saw
16:42 Loom
19:10 Wheelbarrow
20:36 Husbandry
20:46 Bloodlines
20:45 Scale Barding Armor
20:55 Forging
28:48 Imperial Age
27:25 Gold Mining
27:39 Town Watch
31:14 Fletching
34:17 Hand Cart
34:58 Parthian Tactics
34:57 Fortified Wall
35:45 Conscription
36:08 Thumb Ring
36:06 Padded Archer Armor
36:53 Bodkin Arrow
37:24 Ballistics
38:05 Chemistry
37:47 Bracer
38:02 Leather Archer Armor
38:35 Pikeman
39:16 Squires
39:56 Iron Casting
39:21 Scale Mail Armor
41:22 Hoardings
41:15 Chain Mail Armor
42:01 Blast Furnace
41:15 Masonry
43:15 Plate Mail Armor
43:09 Stone Mining
43:57 Gold Shaft Mining
43:25 Elite Mangudai
44:26 Drill
44:07 Nomads
45:16 Chain Barding Armor
47:30 Stone Shaft Mining
46:30 Onager
46:35 Heavy Scorpion
46:37 Capped Ram
47:29 Siege Engineers
50:54 Siege Ram
52:43 Siege Onager
58:12 Arson
68:10 Town Patrol
71:25 Murder Holes
81:30 Light Cavalry
83:06 Hussar
nanodifranco
3:08 Loom
12:32 Feudal Age
13:31 Double-Bit Axe
13:59 Horse Collar
13:46 Man-at-Arms
19:21 Castle Age
18:47 Bloodlines
18:39 Scale Mail Armor
19:39 Forging
21:16 Pikeman
22:16 Husbandry
22:26 Squires
23:34 Scale Barding Armor
23:21 Elite Skirmisher
24:32 Bow Saw
27:13 Heavy Plow
28:05 Padded Archer Armor
27:56 Fletching
27:57 Town Watch
29:01 Wheelbarrow
32:13 Imperial Age
33:35 Conscription
35:29 Two-Man Saw
34:36 Detinets
35:03 Leather Archer Armor
35:25 Iron Casting
35:58 Town Patrol
35:27 Halberdier
36:55 Ballistics
37:46 Onager
39:52 Elite Boyar
42:04 Chemistry
41:49 Long Swordsman
43:24 Ring Archer Armor
43:10 Chain Mail Armor
46:05 Two-Handed Swordsman
47:22 Druzhina
48:21 Chain Barding Armor
49:02 Blast Furnace
51:15 Bodkin Arrow
51:56 Plate Barding Armor
53:07 Plate Mail Armor
52:53 Champion
69:00 Siege Engineers
71:43 Crop Rotation
72:14 Hand Cart
72:20 Hand Cart
72:22 Heavy Scorpion
Connection lost

Rejoining the realm…

Still unreachable

The connection could not be restored.

Session expired

The server has moved on; the page needs a fresh start.